 Dungeon Crawl Stone Soup version 0.24.0-29-g8ce449bc06 (webtiles) character file.

Game seed: 9260750911120438941, levelgen mode: deterministic

32358 Johnny the Fencer (level 13, -1/110 HPs)
             Began as a Troll Berserker on Nov 16, 2019.
             Was an Elder of Trog.
             Slain by a death yak (16 damage)
             ... on level 5 of the Lair of Beasts.
             The game lasted 00:22:57 (14804 turns).

Johnny the Fencer (Troll Berserker)                Turns: 14804, Time: 00:22:58

Health: -1/110     AC:  8    Str: 32    XL:     13   Next: 30%
Magic:  12/12      EV: 11    Int:  3    God:    Trog [****..]
Gold:   455        SH:  0    Dex:  9    Spells: 12/12 levels left

rFire    + . .     SeeInvis .   r - +4 great sword
rCold    + + .     Gourm    +   (shield currently unavailable)
rNeg     . . .     Faith    .   y - +2 robe {MR+}
rPois    +         Spirit   .   (helmet restricted)
rElec    .         Reflect  .   l - scarf {rC+ rF+}
rCorr    .         Harm     .   (gloves unavailable)
MR       +++..                  (boots unavailable)
Stlth    +.........             (no amulet)
HPRegen  1.68/turn              n - ring of protection from cold
MPRegen  0.13/turn              s - ring of poison resistance

@: berserk cooldown, regenerating, slowed, very slow
A: large, unfitting armour, claws 3, fast metabolism 3, gourmand, regeneration
1, shaggy fur 1, tough skin 3
a: Berserk, Trog's Hand, Brothers in Arms, Renounce Religion


You were on level 5 of the Lair of Beasts.
You worshipped Trog.
Trog was greatly pleased with you.
You were very full.

You visited 3 branches of the dungeon, and saw 18 of its levels.

You collected 455 gold pieces.

Inventory:

Hand Weapons
 r - a +4 great sword (weapon)
 C - a +1 triple sword of holy wrath
Armour
 l - a scarf of resistance (worn)
 y - a +2 robe of magic resistance (worn)
Jewellery
 a - an uncursed ring of positive energy
 n - a ring of protection from cold (left claw)
 s - a ring of poison resistance (right claw)
 G - an uncursed ring of ice {unknown}
Wands
 b - a wand of paralysis (6)
 x - a wand of random effects (17)
Scrolls
 d - 3 scrolls of noise
 g - 5 scrolls of remove curse
 j - 4 scrolls of teleportation
 k - 4 scrolls of immolation
 p - 5 scrolls of fog
 u - 2 scrolls of amnesia
 z - 2 scrolls of identify
 A - a scroll of enchant armour
 E - 3 scrolls of magic mapping
 H - a scroll of silence
Potions
 e - 2 potions of heal wounds
 f - 2 potions of mutation
 h - 4 potions of curing
 i - 5 potions of haste
 m - 2 potions of resistance {unknown}
 q - 2 potions of magic {unknown}
 t - 4 potions of degeneration
 v - 3 potions of brilliance {unknown}
 w - a potion of invisibility {unknown}
 B - 4 potions of might {unknown}
 F - a potion of flight {unknown}
Miscellaneous
 o - a sack of spiders
Comestibles
 c - 22 rations
 D - 3 chunks of flesh


   Skills:
 - Level 2.4 Fighting
 * Level 17.9 Long Blades
 - Level 3.7 Dodging


You had 12 spell levels left.
You didn't know any spells.
Your spell library contained the following spells:

 Spells                   Type           Power        Failure   Level  Hunger
 Animate Skeleton         Necr           N/A          52%         1    ##.....
 Apportation              Tloc           #.....       52%         1    ##.....
 Confusing Touch          Hex            #.....       52%         1    ##.....
 Corona                   Hex            #......      52%         1    ##.....
 Sandblast                Erth           #.....       52%         1    ##.....
 Summon Small Mammal      Summ           #...         52%         1    ##.....
 Call Imp                 Summ           #.......     67%         2    ###....
 Ensorcelled Hibernation  Hex/Ice        #.....       67%         2    ###....
 Passwall                 Tmut/Erth      #.......     67%         2    ###....
 Call Canine Familiar     Summ           #.......     88%         3    ####...
 Confuse                  Hex            #.......     88%         3    ####...
 Dazzling Spray           Conj/Hex       #.....       88%         3    ####...
 Gell's Gravitas          Tloc           #.........   88%         3    ####...
 Stone Arrow              Conj/Erth      #.....       88%         3    ####...
 Summon Guardian Golem    Hex/Summ       #.......     88%         3    ####...
 Tukima's Dance           Hex            #.......     88%         3    ####...
 Petrify                  Tmut/Erth      #.......     99%         4    #####..
 Summon Ice Beast         Ice/Summ       #.......     99%         4    #####..
 Summon Lightning Spire   Summ/Air       #.......     99%         4    #####..
 Lee's Rapid Deconstruct  Erth           #.........   100%        5    ######.
 Metabolic Englaciation   Hex/Ice        #.........   100%        5    ######.
 Yara's Violent Unravell  Hex/Tmut       #.........   100%        5    ######.


Dungeon Overview and Level Annotations

Branches:
Dungeon (12/15)            Temple (0/1) D:7            Lair (5/6) D:11
 Shoals (0/4) Lair:4        Snake (1/4) Lair:2          Orc (0/2) D:9
  Slime: Lair:5-6

Altars:
Fedhas
Kikubaaqudgha
Okawaru
Ru
Xom
Yredelemnul
Zin

Portals:
Trove: D:11 (give 17 potions of curing)

Annotations:
D:11 Maurice
D:12 Nessos


Innate Abilities, Weirdness & Mutations

You are too large for most types of armour.
You have claws for hands.
Your metabolism is lightning-fast.
You like to eat raw meat.
Your natural rate of healing is unusually fast.
You are covered in fur. (AC +1)
You have extremely tough skin. (AC +3)


Message History

You slice the death yak!!
The death yak is almost dead.
The death yak gores you!!
* * * LOW HITPOINT WARNING * * *
The death yak barely misses you.
Unknown command.
You fail to use your ability.
The death yak gores you!!
* * * LOW HITPOINT WARNING * * *
Unknown command.
Unknown command.
Unknown command.
Unknown command.
Unknown command.
Unknown command.
Unknown command.
Okay, then.
You feel much better. The death yak gores you!!
* * * LOW HITPOINT WARNING * * *
The death yak gores you!
You die...

#.#.............Y..
#............Y....
####..............
#.#...###..YP..#.
#....###...##.#.
##.............#
##...P..........#
##Y†.#P.....###...
#@#..........P##..
####..PP.....## ..
##...........# .
#..........#...
##.#.....####....
#.#......# .##
##.....#.## [.
##P......#.##..#
#P........#....###


You could see a death yak.

Vanquished Creatures
  2 hydras
  2 two-headed ogres (D:12)
  A death knight (D:12)
  3 death yaks (Lair:5)
  Sonja (D:11)
  Nergalle (Lair:2)
  Pikel (D:5)
  3 ugly things
  3 centaur zombies
  A torpor snail (Lair:2)
  2 black mambas
  4 spiny frogs
  A rime drake (Lair:1)
  5 komodo dragons
  A queen bee (Lair:3)
  A hornet (D:12)
  2 blink frogs (Lair:3)
  Prince Ribbit (D:5)
  6 hippogriffs
  Sigmund (D:3)
  25 yaks
  Grum (D:11)
  4 wyverns
  A basilisk (Lair:2)
  5 wraiths
  Edmund (D:5)
  2 hungry ghosts
  2 nagas (Snake:1)
  15 water moccasins
  Duvessa (D:7)
  9 porcupines
  3 orc warriors (D:11)
  A sky beast (D:6)
  A slave (D:5)
  7 ice beasts
  2 phantoms
  A necrophage (D:9)
  9 wolves
  7 crocodiles
  4 centaurs
  4 ogres
  Blork the orc (D:5)
  13 bullfrogs
  3 big kobolds
  Dowan (D:7)
  2 scorpions
  A troll zombie (D:9)
  4 killer bees
  2 wights (D:9)
  An electric eel (Lair:2)
  3 vampire bats (D:8)
  4 howler monkeys
  A bullfrog zombie (D:12)
  7 crimson imps
  4 jellies
  2 quasits
  6 hounds
  5 human zombies (D:9)
  Crazy Yiuf (D:5)
  7 orc wizards
  3 centaur skeletons
  5 orc priests
  A bullfrog skeleton (D:4)
  Jessica (D:3)
  5 iguanas
  A gnoll shaman (D:4)
  10 worker ants
  3 hound skeletons
  A mummy (D:9)
  2 howler monkey zombies
  2 worker ant zombies
  3 gnolls (D:4)
  22 adders
  2 shadow imps
  An ooze (D:5)
  2 adder skeletons
  2 worms
  7 dart slugs
  4 leopard geckos
  27 orcs
  A bat skeleton (D:8)
  3 bat zombies (D:8)
  6 giant cockroaches
  11 hobgoblins
  6 jackals (D:3)
  5 quokkas
  A ball python (Lair:2)
  3 bats
  6 frilled lizards
  9 goblins
  34 kobolds
  A leopard gecko skeleton (D:7)
  An orc zombie (D:9)
  A quokka skeleton (D:4)
  4 rats
  A fungus (D:11)
412 creatures vanquished.

Vanquished Creatures (collateral kills)
  2 hydras (Lair:3)
  A spiny frog (Lair:3)
  A polar bear (Lair:3)
  A troll (D:11)
  A blink frog (Lair:3)
  4 yaks
  A basilisk (Lair:3)
  A porcupine (Lair:3)
  2 orc warriors
  A black bear (D:11)
  A wolf (Lair:3)
  A centaur (D:10)
  A crocodile (Lair:3)
  A big kobold (D:11)
  A bullfrog (D:10)
  A scorpion (D:11)
  5 killer bees
  An orc priest (D:10)
  3 orcs
  4 kobolds (D:11)
34 creatures vanquished.

Vanquished Creatures (others)
  A scorpion (D:6)
  A bullfrog skeleton (D:8)
  An iguana (D:6)
  A worker ant (D:6)
  A quokka (D:6)
  2 fungi
  4 plants
11 creatures vanquished.

Grand Total: 457 creatures vanquished

Notes
Turn   | Place    | Note
-------+----------+-------------------------------------------
     0 | D:1      | Johnny the Troll Berserker began the quest for the Orb.
     0 | D:1      | Reached XP level 1. HP: 22/22 MP: 0/0
    97 | D:1      | Reached XP level 2. HP: 24/29 MP: 1/1
   169 | D:1      | Reached skill level 3 in Long Blades
   345 | D:1      | Reached XP level 3. HP: 35/36 MP: 2/2
   477 | D:2      | Reached ** piety under Trog
   526 | D:2      | Found a faded altar of an unknown god.
   699 | D:2      | Reached XP level 4. HP: 43/44 MP: 3/3
   710 | D:2      | Found a glowing silver altar of Zin.
   744 | D:2      | Found a blossoming altar of Fedhas.
  1042 | D:3      | Noticed Sigmund
  1307 | D:3      | Killed Sigmund
  1307 | D:3      | Reached skill level 4 in Long Blades
  1307 | D:3      | Reached XP level 5. HP: 50/50 MP: 4/4
  1410 | D:3      | Reached XP level 6. HP: 59/59 MP: 5/5
  1432 | D:3      | Noticed Jessica
  1437 | D:3      | Killed Jessica
  1437 | D:3      | Reached *** piety under Trog
  1638 | D:4      | Reached skill level 5 in Long Blades
  1668 | D:4      | Found a sacrificial altar of Ru.
  2252 | D:5      | Entered Level 5 of the Dungeon
  2255 | D:5      | Reached skill level 6 in Long Blades
  2255 | D:5      | Reached XP level 7. HP: 66/66 MP: 6/6
  2353 | D:5      | Noticed Blork the orc
  2359 | D:5      | Killed Blork the orc
  2469 | D:5      | Reached skill level 7 in Long Blades
  2598 | D:5      | Noticed Pikel
  2598 | D:5      | Noticed Prince Ribbit
  2614 | D:5      | Killed Pikel
  2614 | D:5      | Reached skill level 8 in Long Blades
  2614 | D:5      | Reached XP level 8. HP: 74/74 MP: 7/7
  2655 | D:5      | Killed Prince Ribbit
  2736 | D:5      | Reached **** piety under Trog
  2736 | D:5      | Reached skill level 9 in Long Blades
  2939 | D:5      | Noticed Edmund
  2962 | D:5      | Killed Edmund
  3019 | D:5      | Found a runed translucent door.
  3020 | D:5      | Noticed Crazy Yiuf
  3026 | D:5      | Killed Crazy Yiuf
  3189 | D:6      | Found an iron altar of Okawaru.
  3203 | D:6      | Reached XP level 9. HP: 80/80 MP: 8/8
  3239 | D:6      | Found a shimmering altar of Xom.
  3311 | D:6      | Reached skill level 10 in Long Blades
  3557 | D:6      | Reached ***** piety under Trog
  3795 | D:7      | Found a staircase to the Ecumenical Temple.
  3835 | D:7      | Reached skill level 11 in Long Blades
  4108 | D:7      | Noticed Duvessa
  4108 | D:7      | Noticed Dowan
  4113 | D:7      | Killed Duvessa
  4126 | D:7      | Killed Dowan
  4579 | D:7      | Got a twisted battleaxe
  4727 | D:8      | Noticed a cyan ugly thing
  4757 | D:8      | Reached XP level 10. HP: 52/88 MP: 9/9
  5024 | D:8      | Identified the cursed +1 battleaxe of Jablupix {freeze,
                  | rN+} (You found it on level 7 of the Dungeon)
  5032 | D:8      | Killed a cyan ugly thing
  5032 | D:8      | Reached skill level 12 in Long Blades
  5238 | D:8      | Found an ancient bone altar of Kikubaaqudgha.
  5891 | D:9      | Found a staircase to the Orcish Mines.
  6191 | D:9      | Reached skill level 13 in Long Blades
  6431 | D:9      | Found a basalt altar of Yredelemnul.
  7049 | D:10     | Entered Level 10 of the Dungeon
  7059 | D:10     | Received a gift from Trog
  7340 | D:10     | Reached XP level 11. HP: 88/94 MP: 10/10
  7527 | D:10     | Identified a scroll of acquirement
  7615 | D:10     | Got a crystal triple sword
  7616 | D:10     | Identified the +1 triple sword of Yschuog {flame, MR+
                  | Dex+4} (You acquired it on level 10 of the Dungeon)
  7860 | D:11     | Noticed Sonja
  7880 | D:11     | Killed Sonja
  7880 | D:11     | Reached skill level 14 in Long Blades
  8287 | D:11     | Noticed Grum
  8288 | D:11     | Noticed Maurice
  8301 | D:11     | Killed Grum
  8510 | D:11     | Found a portal to a secret trove of treasure.
  8860 | D:11     | Found a staircase to the Lair.
  9061 | D:12     | Noticed a two-headed ogre
  9388 | D:12     | Killed a two-headed ogre
  9396 | D:12     | Reached skill level 15 in Long Blades
  9402 | D:12     | Noticed a death knight
  9414 | D:12     | HP: 2/94 [yak (14)]
  9568 | D:12     | Killed a death knight
  9698 | D:12     | Noticed a green ugly thing
  9706 | D:12     | Killed a green ugly thing
  9736 | D:12     | Received a gift from Trog
  9871 | D:12     | Paralysed by a hornet for 3 turns
 10054 | D:12     | Reached XP level 12. HP: 104/104 MP: 11/11
 10097 | D:12     | Noticed a two-headed ogre
 10117 | D:12     | Killed a two-headed ogre
 10294 | D:12     | Noticed Nessos
 10526 | Lair:1   | Entered Level 1 of the Lair of Beasts
 10546 | Lair:1   | You fall into a shaft and drop 1 floor!
 10572 | Lair:2   | Noticed Nergalle
 10582 | Lair:2   | Killed Nergalle
 10600 | Lair:2   | Reached skill level 16 in Long Blades
 10695 | Lair:2   | Found a shimmering altar of Xom.
 10921 | Lair:2   | Found a staircase to the Snake Pit.
 11253 | Lair:2   | Noticed a four-headed hydra
 11505 | Lair:2   | Killed a nine-headed hydra
 12046 | Lair:1   | HP: 2/156 [rime drake/flash freeze (20)]
 12616 | Lair:1   | Reached skill level 17 in Long Blades
 12990 | Snake:1  | Entered Level 1 of the Snake Pit
 13082 | Lair:3   | Noticed a five-headed hydra
 13217 | Lair:3   | Noticed a four-headed hydra
 13217 | Lair:3   | Noticed an eight-headed hydra
 13292 | Lair:3   | Killed an eight-headed hydra
 13304 | Lair:3   | HP: 2/104 [four-headed hydra (12)]
 13310 | Lair:3   | Killed a four-headed hydra
 13310 | Lair:3   | Reached XP level 13. HP: 6/110 MP: 12/12
 14149 | Lair:4   | Received a gift from Trog
 14236 | Lair:4   | Found a staircase to the Shoals.
 14804 | Lair:5   | Slain by a death yak

Levels and vault maps discovered:
D:1:      lemuel_arrival_funnel, layout_basic
D:2:      layout_basic, marbit_many_paths, fedhas_altar_2,
          chequers_ecumenical_altar_simple_redux
D:3:      layout_rooms, uniq_sigmund, uniq_jessica
D:4:      layout_basic, nicolae_ru_awakened_eye
D:5:      layout_loops_ring, first_ration, uniq_pikel, uniq_crazy_yiuf_cottage,
          uniq_prince_ribbit1, uniq_edmund, uniq_blork_the_orc
D:6:      kennysheep_kobold_camp, layout_basic, xom_confusion_cloud,
          okawaru_trees_1
D:7:      layout_cave_pods, minmay_temple_entry_stoned_glass, st_stairs_9,
          grunt_decor_mini_mirrors, uniq_duvessa
D:8:      layout_loops_ring, kennysheep_vampire_church, minmay_misc_feat_tiny,
          grunt_ogre_cave, feat_on_display
D:9:      layout_basic, orc_0_dummy, lemuel_mausoleum_altar_yredelemnul
D:10:     layout_basic
D:11:     layout_gridville, grunt_lair_entry_orc_guard_hut, enter_trove_1,
          uniq_grum, uniq_maurice, uniq_sonja
D:12:     layout_loops_ring, uniq_nessos
Lair:1:   layout_roguey, grunt_megastairs_3
Lair:2:   layout_gridlike, minmay_snake_entry_six_corridors, basic_altar,
          gauntlet_entry_generic, uniq_nergalle
Lair:3:   layout_cave_shapes, special_room [special_room_bee],
          beast_lair_carwin_7, grunt_megastairs_2
Lair:4:   layout_long_grid, shoals_dummy_entry
Lair:5:   layout_layer_cave, serial_rivers, chequers_serial_rivers_small_a,
          chequers_serial_rivers_micro_e, chequers_serial_rivers_small_a,
          chequers_serial_rivers_micro_e, chequers_serial_rivers_small_b,
          lemuel_fruit_tree
Snake:1:  layout_onion, minmay_shop_star

Skill      XL: |  1  2  3  4  5  6  7  8  9 10 11 12 |
---------------+-------------------------------------+-----
Long Blades    | 3 4 6 8 9 11 13 15 17 | 17.9
Dodging        | 3 |  3.7
Fighting       | |  2.4

Action                   |  1- 3 |  4- 6 |  7- 9 | 10-12 | 13-15 || total
-------------------------+-------+-------+-------+-------+-------++-------
Melee: Falchion          |   104 |    85 |       |       |       ||   189
       Great sword       |       |    78 |   308 |   662 |   123 ||  1171
       Triple sword      |       |       |       |    36 |       ||    36
Invok: Berserk           |       |     3 |     6 |    18 |     3 ||    30
       Trog's Hand       |       |       |     2 |     6 |     2 ||    10
       Brothers in Arms  |       |       |       |    11 |     2 ||    13
Evoke: Wand              |       |       |       |    27 |     1 ||    28
  Use: Scroll            |       |       |    12 |    14 |     9 ||    35
       Potion            |       |       |     2 |     6 |     1 ||     9
 Stab: Sleeping          |       |     1 |       |       |       ||     1
       Distracted        |       |       |     1 |       |       ||     1
  Eat: Chunk             |    12 |    14 |    33 |    88 |    18 ||   165
       Ration            |       |       |     1 |     5 |     2 ||     8
Armor: Animal skin       |    47 |    40 |       |       |       ||    87
       Robe              |       |    21 |   134 |   271 |    37 ||   463
       Skin              |       |       |       |     5 |       ||     5
Dodge: Dodged            |    51 |   100 |   242 |   443 |    88 ||   924
       Rpst.: Falchion   |    21 |    17 |       |       |       ||    38
       Great sword       |       |    16 |    71 |   130 |    33 ||   250
       Triple sword      |       |       |       |     6 |       ||     6
